 Dungeon Crawl Stone Soup version 0.18-a0-739-gdae9da8 (webtiles) character file.

224 cluie the Insei (level 5, -2/41 HPs)
             Began as a Demonspawn Transmuter on Dec 10, 2015.
             Slain by Noname's ghost (7 damage)
             ... on level 3 of the Dungeon.
             The game lasted 00:07:32 (2967 turns).

cluie the Insei (Demonspawn Transmuter)             Turns: 2967, Time: 00:07:32

Health: -2/41      AC:  3    Str: 10    XL:     5   Next: 67%
Magic:  0/8        EV:  8    Int: 19    God:
Gold:   147        SH:  0    Dex: 14    Spells: 3 memorised, 2 levels left

rFire  . . .     SeeInvis .       - Unarmed
rCold  . . .     Clarity  .     q - +0 leather armour
rNeg   . . .     SustAt   .     (no shield)
rPois  .         Gourm    .     (no helmet)
rElec  .         Spirit   +     (no cloak)
rCorr  .         Dismiss  .     (no gloves)
rMut   .         Stasis   .     (no boots)
MR     .....                    (no amulet)
Stlth  +.........               r - ring of wizardry
                                n - +4 ring of intelligence

@: not resistant to hostile enchantments, very unstealthy
A: talons 1, magic shield, sturdy frame 1
a: no special abilities


You were on level 3 of the Dungeon.
You were not hungry.

You visited 1 branch of the dungeon, and saw 4 of its levels.

You collected 147 gold pieces.

Inventory:

Missiles
 a - 18 arrows
 i - a throwing net (quivered)
Armour
 q - a +0 leather armour (worn)
Jewellery
 k - an uncursed ring of flight
 n - a +4 ring of intelligence (left hand)
 r - a ring of wizardry (right hand)
 s - an uncursed ring of fire
Wands
 o - a wand of draining (7)
Scrolls
 m - a scroll of amnesia
 t - a scroll of teleportation
 u - a scroll of enchant armour {unknown}
Potions
 e - a potion of lignification
 g - 2 potions of curing {unknown}
 j - 2 potions of magic {unknown}
 p - a potion of degeneration {unknown}
Books
 c - a book of Changes

   Spells                             Type                      Level
   a - Beastly Appendage              Transmutation                1
   b - Sticks to Snakes               Transmutation                2
   c - Spider Form                    Transmutation/Poison         3
   d - Ice Form                       Ice/Transmutation            4
   e - Blade Hands                    Transmutation                5
Comestibles
 b - 2 chunks of flesh
 d - 3 bread rations
 f - 2 beef jerkies
 h - 2 slices of pizza
 l - a meat ration


   Skills:
 * Level 3.5 Fighting
 + Level 2.8 Dodging
 * Level 4.2 Unarmed Combat
 - Level 2.0 Spellcasting
 - Level 1.9 Transmutations


You had 2 spell levels left.
You knew the following spells:

 Your Spells              Type           Power        Failure   Level  Hunger
a - Beastly Appendage     Trmt           #.....       4%          1    #......
b - Sticks to Snakes      Trmt           #.......     6%          2    ###....
c - Spider Form           Trmt/Pois      #.........   19%         3    ###....


Dungeon Overview and Level Annotations

Branches:
Dungeon (4/15)
 Temple: D:4-7

Altars:
Dithmenos
Nemelex Xobeh
Qazlal
Xom
Yredelemnul

Annotations:
D:3 Noname's ghost, novice KoAr
D:4 Menkaure


Innate Abilities, Weirdness & Mutations

You have sharp toenails.
When hurt, damage is shared between your health and your magic reserves.
Your movements are slightly less encumbered by armour (ER -2).


Message History

Noname's ghost is severely damaged.
Noname's ghost ripples.
Noname's ghost closely misses you.
You barely miss Noname's ghost.
You claw Noname's ghost, but do no damage.
Noname's ghost is severely damaged.
Noname's ghost hits you.
* * * LOW HITPOINT WARNING * * *
You are too injured to fight recklessly!
You are too injured to fight recklessly!
You hit Noname's ghost. Your kick misses Noname's ghost.
Noname's ghost is severely damaged.
Unknown command.
You hit Noname's ghost.
Noname's ghost is severely damaged.
Noname's ghost hits you!
* * * LOW HITPOINT WARNING * * *
Unknown command.
Noname's ghost hits you!
You die...

### #.. #.# #.#
### # #.#
......##
#.###.#######.
........
.##.....#.......
........
.......>....#
.^....#
.......@W.#....
......
................
....#
................
.†..#
....)...........
....#
................
....#
......##########
.##.# ....#. .#
# ....## .#


You could see Noname's ghost.

Vanquished Creatures
  A hound (D:4)
  An orc wizard (D:4)
  Terence (D:3)
  3 adders (D:2)
  2 oozes (D:1)
  2 worms (D:3)
  4 orcs
  4 ball pythons
  11 bats
  4 giant cockroaches
  8 goblins
  6 hobgoblins
  3 jackals (D:4)
  3 kobolds
  6 giant geckos
  2 giant newts
  14 rats
75 creatures vanquished.

Vanquished Creatures (collateral kills)
  2 gnolls (D:2)
  2 adders (D:2)
  A worm (D:2)
  A hobgoblin (D:1)
6 creatures vanquished.

Vanquished Creatures (others)
  A gnoll (D:2)
1 creature vanquished.

Grand Total: 82 creatures vanquished

Notes
Turn   | Place    | Note
--------------------------------------------------------------
     0 | D:1      | cluie the Demonspawn Transmuter began the quest for the Orb.
     0 | D:1      | Reached XP level 1. HP: 15/15 MP: 3/3
   200 | D:1      | Gained mutation: When hurt, damage is shared between your health and your magic reserves. [demonic ancestry]
   200 | D:1      | Reached XP level 2. HP: 4/21 MP: 3/5
   210 | D:1      | Learned a level 2 spell: Sticks to Snakes
   422 | D:1      | Reached skill level 3 in Unarmed Combat
   673 | D:1      | Gained mutation: You have sharp toenails. [demonic ancestry]
   673 | D:1      | Reached XP level 3. HP: 24/27 MP: 6/6
   969 | D:2      | Learned a level 3 spell: Spider Form
   974 | D:2      | Found a shadowy altar of Dithmenos.
  1134 | D:2      | Found a faded altar to an unknown god.
  1427 | D:2      | Found a sparkling altar of Nemelex Xobeh.
  1506 | D:2      | Reached XP level 4. HP: 14/34 MP: 1/7
  1813 | D:2      | Found a stormy altar of Qazlal.
  2006 | D:2      | Found a shimmering altar of Xom.
  2449 | D:3      | Found a basalt altar of Yredelemnul.
  2449 | D:3      | Noticed Terence
  2458 | D:3      | Killed Terence
  2458 | D:3      | Gained mutation: Your movements are slightly less encumbered by armour (ER -2). [demonic ancestry]
  2458 | D:3      | Reached XP level 5. HP: 36/41 MP: 3/8
  2461 | D:3      | nice
  2820 | D:4      | Reached skill level 4 in Unarmed Combat
  2930 | D:4      | Noticed Menkaure
  2941 | D:3      | Noticed Noname's ghost (novice KoAr)
  2967 | D:3      | Slain by Noname's ghost

Vault maps used:
D:1:      minmay_arrival_hallway, dk_noncrumbling_3, minmay_box_of_dots
D:2:      nicolae_overflow_hidden_temple, grunt_qazlal_clouds,
          nemelex_xobeh_ov_fountains_minmay, ecumenical_altar_2
D:3:      lemuel_coloured_pillars_altar, yredelemnul_altar_generic,
          minmay_curled_crystal, uniq_terence
D:4:      uniq_menkaure

Action                   |  1- 3 |  4- 6 || total
-------------------------+-------+-------++-------
Melee: Unarmed           |   201 |   163 ||   364
 Cast: Beastly Appendage |    11 |     2 ||    13
       Sticks to Snakes  |     6 |     6 ||    12
       Spider Form       |       |     5 ||     5
  Use: Scroll            |     4 |     4 ||     8
 Stab: Distracted        |       |     1 ||     1
  Eat: Chunk             |     2 |     7 ||     9
